 Dungeon Crawl Stone Soup version 0.31-a0-995-g04711c9635 (webtiles) character file.

Game seed: 15043451390493419038

112 BritishOli the Trooper (level 4, -8/37 HPs)
             Began as a Demonspawn Fighter on Nov 6, 2023.
             Killed by divine providence
             ... invoked by an orc priest
              (13 damage)
             ... on level 3 of the Dungeon.
             The game lasted 00:01:25 (2163 turns).

BritishOli the Trooper (Demonspawn Fighter)         Turns: 2163, Time: 00:01:26

Health: -8/37      AC:  6    Str: 18    XL:     4   Next: 63%
Magic:  4/4        EV:  9    Int: 10    God:
Gold:   82         SH:  4    Dex: 12    Spells: 3/3 levels left

rFire   . . .        a - +0 war axe
rCold   . . .        c - +0 buckler
rNeg    . . .        b - +0 scale mail
rPois   .            (helmet restricted)
rElec   .            (no cloak)
rCorr   .            (no gloves)
SInv    .            (no boots)
Will    .....        (no amulet) Stlth
                     (no ring)
HPRegen 0.26/turn    (no ring)
MPRegen 0.09/turn

%: no passive effects
@: no status effects
A: antennae 2
a: no special abilities


You were on level 3 of the Dungeon.
You visited 1 branch of the dungeon, and saw 3 of its levels.

You collected 82 gold pieces.

Inventory:

Hand Weapons
 a - a +0 war axe (weapon)
Armour
 b - a +0 scale mail (worn)
 c - a +0 buckler (worn)
Jewellery
 k - a ring of fire
Scrolls
 f - 2 scrolls of teleportation {unknown}
 g - 5 scrolls of fog {unknown}
 h - a scroll of enchant armour {unknown}
 i - a scroll of fear {unknown}
 l - a scroll of revelation {unknown}
 m - 4 scrolls of identify {unknown}
 o - a scroll of silence {unknown}
 p - a scroll of enchant weapon {unknown}
Potions
 d - a potion of might
 e - 2 potions of resistance {unknown}
 j - 2 potions of heal wounds {unknown}
 n - 3 potions of mutation {unknown}
 q - a potion of degeneration {unknown}


   Skills:
 + Level 3.7 Fighting
 + Level 2.7 Axes
 + Level 3.3 Armour
 + Level 3.3 Shields


You had 3 spell levels left.
You didn't know any spells.
Your spell library contained the following spells:

 Spells                   Type           Power      Damage    Failure   Level
 Static Discharge         Conj/Air       0%         3-3/arc   92%         2
 Airstrike                Air            0%         2d(0-16)  100%        4
 Summon Lightning Spire   Summ/Air       0%         N/A       100%        4


Dungeon Overview and Level Annotations

Branches:
Dungeon (3/15)

Altars:

Shops:
D:1 ?


Innate Abilities, Weirdness & Mutations

You have a pair of antennae on your head.


Message History

An orc wizard comes into view. It is wielding a +0 dagger.
There are monsters nearby!
There are monsters nearby!
An orc priest comes into view. It is wielding a +0 club.
The orc shouts!
The orc priest shouts!
The orc wizard shouts!
The orc wizard gestures at you while chanting.
The puff of flame misses you.
The orc priest moves out of view.
You see here a book of Spectacle.
There are monsters nearby!
An orc is nearby!
Found a stone staircase leading up.
The orc wizard hits you but does no damage.
There are monsters nearby!
You closely miss the orc wizard. The orc wizard barely misses you.
You closely miss the orc wizard. You hit the orc but do no damage.
You block the orc's attack.
The orc wizard gestures at you while chanting.
The magic dart hits you! The orc hits you with a +0 club.
The orc wizard casts a spell.
The orc wizard flickers and vanishes!
Deactivating autopickup; reactivate with Ctrl-A.
The orc hits you with a +0 whip.
The orc priest mumbles some strange prayers to Beogh against you.
Beogh smites you!
* * * LOW HITPOINT WARNING * * *
You are too injured to fight recklessly!
Unknown command.
Unknown command.
You are too injured to fight recklessly!
Unknown command.
You are too injured to fight recklessly!
The orc attacks as it pursues you! The orc barely misses you.
A magic dart appears from out of thin air!
The magic dart hits you.
* * * LOW HITPOINT WARNING * * *
The orc attacks as it pursues you! The orc hits you with a +0 club.
* * * LOW HITPOINT WARNING * * *
The orc priest calls down the wrath of Beogh upon you.
Beogh smites you!
You die...

~≈≈...## ≈~~###.## ..# ≈~.#
#..# <.# ≈~.###..# ...
≈#....#..>.... ..#
##.#.##.###### ###.##
##.#.##.##### ####.#...#.#
.....##.#...#####.{.#.....#
..........#.....@o#.{o....#
#...........#####..o#....##
.....##.##.## #####....#
......#.##.# .....#
........##.# ......#
.........#.# .......
.<.......#.# .......
........... #....#.
.....###.#


You could see an orc priest and an orc.

Vanquished Creatures
  6 adders
  A worm (D:3)
  7 endoplasms
  4 giant cockroaches
  5 goblins
  8 hobgoblins
  3 quokkas
  8 ball pythons
  2 bats
  3 frilled lizards
  3 kobolds
  5 rats (D:1)
55 creatures vanquished.

Notes
Turn   | Place    | Note
-------+----------+-------------------------------------------
     0 | D:1      | BritishOli the Demonspawn Fighter began the quest for the
                  | Orb.
     0 | D:1      | Reached XP level 1. HP: 18/18 MP: 1/1
   175 | D:1      | Discovered your monstrous ancestry.
   175 | D:1      | Gained mutation: You have a pair of small antennae on your
                  | head. [demonic ancestry]
   175 | D:1      | Reached XP level 2. HP: 22/24 MP: 2/2
   257 | D:1      | Found Bitiala's Magic Scroll Shop.
   729 | D:2      | Reached XP level 3. HP: 20/29 MP: 3/3
  1675 | D:3      | Gained mutation: You have a pair of antennae on your head.
                  | [demonic ancestry]
  1675 | D:3      | Reached XP level 4. HP: 27/35 MP: 4/4
  1816 | D:3      | Found a faded altar of an unknown god.
  1990 | D:3      | Identified the +4 short sword of the Slime-mould {protect,
                  | Contam rPois rC+ Int+3}
  2163 | D:3      | Killed from afar by an orc priest

Illustrated notes

Levels and vault maps discovered:
D:1:      lemuel_arrival_funnel, layout_basic, serial_shops, shop,
          minmay_tetromino_i2
D:2:      layout_loops_corners
D:3:      layout_loops_ring, nicolae_ecumenical_lake_church

Skill      XL: |  1  2 |
---------------+-------+-----
Axes           | 2 |  2.7
Armour         | 3 |  3.3
Shields        | 3 |  3.3
Fighting       | |  3.7

Action                     |  1- 3 |  4- 6 || total
---------------------------+-------+-------++-------
  Melee: War axe           |   115 |    51 ||   166
 Armour: Scale mail        |    93 |    43 ||   136
  Dodge: Dodged            |    45 |    38 ||    83
  Block: Buckler           |    36 |     8 ||    44

Table legend: (Time is in decaauts)
 A = Elapsed time spent in this place.
 B = Non-inter-level travel time spent in this place.
 C = Inter-level travel time spent in this place.
 D = Time resting spent in this place.
 E = Time spent auto-exploring this place.
 F = Levels seen in this place.
 G = Mean time per level.
                   A        B        C        D        E       F      G
               +--------+--------+--------+--------+--------+-----+--------+
         Total |   2231 |   2201 |     30 |      0 |   1775 |   3 |  743.7 |
       Dungeon |   2231 |   2201 |     30 |      0 |   1775 |   3 |  743.7 |
               +--------+--------+--------+--------+--------+-----+--------+

Top non-repeatable levels by time:
     D:2: 973 daAuts
     D:1: 655 daAuts
     D:3: 602 daAuts
